 Dungeon Crawl Stone Soup version 0.27-a0-1525-g1038ab4fd7 (webtiles) character file.

Game seed: 4860530504036574633

54 avis the Insei (level 3, -1/23 HPs)
             Began as an Octopode Transmuter on July 11, 2021.
             Killed from afar by an orc wizard (10 damage)
             ... with a puff of flame
             ... on level 3 of the Dungeon.
             The game lasted 00:08:54 (1725 turns).

avis the Insei (Octopode Transmuter)                Turns: 1725, Time: 00:08:54

Health: -1/23      AC:  1    Str: 10    XL:     3   Next: 91%
Magic:  6/6        EV: 13    Int: 15    God:
Gold:   47         SH:  0    Dex: 12    Spells: 2/6 levels left

rFire    . . .     SeeInvis .   a - +1 whip (vamp)
rCold    + . .     Faith    .   (no shield)
rNeg     . . .     Spirit   .   (helmet restricted)
rPois    .         Reflect  .   (no amulet)
rElec    .         Harm     .   e - ring of willpower
rCorr    .         Rampage  .   i - ring of protection from cold
Will     +....                  (no ring)
Stlth    +++.......             (no ring)
HPRegen  0.07/turn              (no ring)
MPRegen  0.10/turn              (no ring)
                                (no ring)
                                (no ring)

@: no status effects
A: almost no armour, amphibious, 8 rings, camouflage 1, gelatinous body 1,
(nimble swimmer 1), tentacles
a: no special abilities


You were on level 3 of the Dungeon.
You visited 1 branch of the dungeon, and saw 3 of its levels.

You collected 47 gold pieces.

Inventory:

Hand Weapons
 a - a +1 vampiric whip (weapon)
 b - a +0 hunting sling
Missiles
 c - 49 stones
 h - 4 boomerangs of dispersal
 m - 19 bolts
Magical Staves
 w - a staff of poison
Jewellery
 e - a ring of willpower (left tentacle)
 i - a ring of protection from cold (right tentacle)
Scrolls
 f - 2 scrolls of identify {unknown}
 g - a scroll of noise {unknown}
 j - a scroll of enchant armour {unknown}
 k - a scroll of vulnerability {unknown}
 l - a scroll of amnesia {unknown}
Potions
 d - a potion of mutation {unknown}


   Skills:
 - Level 1.0 Fighting
 - Level 2.0 Dodging
 * Level 1.9 Stealth
 - Level 4.0 Unarmed Combat
 - Level 2.0 Spellcasting
 - Level 2.0 Transmutations
 - Level 2.0 Poison Magic


You had 2 spell levels left.
You knew the following spells:

 Your Spells              Type           Power      Damage    Failure   Level
a - Beastly Appendage     Tmut           14%        N/A       10%         1
p - Spider Form           Tmut/Pois      3%         N/A       28%         3

Your spell library contained the following spells:

 Spells                   Type           Power      Damage    Failure   Level
 Wereblood                Tmut           7%         N/A       14%         2
 Ice Form                 Ice/Tmut       4%         N/A       82%         4


Dungeon Overview and Level Annotations

Branches:
Dungeon (3/15)

Altars:


Innate Abilities, Weirdness & Mutations

You cannot wear most types of armour.
You are amphibious.
You can wear up to eight rings at the same time.
Your skin changes colour to match your surroundings (Stealth+).
Your rubbery body absorbs attacks. (AC +1, EV +1)
((You are camouflaged near water. (Stealth+)))
You have tentacles for arms and can constrict up to eight enemies at once.


Message History

You feel a sense of dread.
a - a +1 vampiric whip (weapon)
The orc hits you with a +0 trident.
The orc wizard casts a spell.
The orc wizard flickers and vanishes!
Deactivating autopickup; reactivate with Ctrl-A.
You hit the orc.
You feel better.
You grab the orc. You squeeze the orc.
You kill the orc!
You barely miss the orc. You grab the orc.
You constrict the orc, but do no damage.
The orc hits you with a +0 hand axe!
You hit the orc.
You feel better.
The orc is heavily wounded.
You constrict the orc. The orc closely misses you.
You hit the orc.
You feel better.
The orc is almost dead.
You constrict the orc.
You kill the orc!
The orc barely misses you.
You hit the orc. You grab the orc.
The orc is heavily wounded.
You constrict the orc, but do no damage.
The orc closely misses you.
You hit the orc but do no damage.
The orc is heavily wounded.
You constrict the orc. The orc barely misses you.
You hit the orc but do no damage.
The orc is heavily wounded.
You constrict the orc. The orc hits you with a +0 flail.
You hit the orc.
You kill the orc!
You closely miss something. Something hits you.
Unknown command.
You hit something.
You feel better. Something hits you.
You barely miss something. Something hits you.
You miss something.
You hear some strange, mumbled words.
A puff of flame appears from out of thin air!
The puff of flame hits you!
You die...

### #.####
..####.##<# .
......##.# ...
#.....#
..((.###.....#
.(.(..{@.....#
.#.#.###.........
#.#...#....
#.#...#....
#.##### ... ...
... #.. ...


There were no monsters in sight!

Vanquished Creatures
  4 orcs (D:3)
  4 bats
  4 endoplasms
  2 giant cockroaches
  2 goblins
  3 hobgoblins
  5 jackals
  A quokka (D:1)
  8 ball pythons
  4 frilled lizards
  5 kobolds
  3 rats
45 creatures vanquished.

Notes
Turn   | Place    | Note
-------+----------+-------------------------------------------
     0 | D:1      | avis the Octopode Transmuter began the quest for the Orb.
     0 | D:1      | Reached XP level 1. HP: 13/13 MP: 3/3
   233 | D:1      | Reached XP level 2. HP: 18/18 MP: 5/5
   432 | D:1      | Reached skill level 4 in Unarmed Combat
   468 | D:1      | Reached XP level 3. HP: 23/23 MP: 6/6
   473 | D:1      | Learned a level 3 spell: Spider Form
   502 | D:1      | Reached skill level 1 in Poison Magic
  1157 | D:2      | Found a faded altar of an unknown god.
  1595 | D:2      | Reached skill level 1 in Stealth
  1725 | D:3      | Killed from afar by an orc wizard

Illustrated notes

Levels and vault maps discovered:
D:1:      dpeg_arrival_concentric_ovals, layout_rooms,
          hangedman_decor_diamond_cutter, serial_bayou_ford_a,
          roderic_lattice_a, wad_floor_pattern_1, chequers_jeans
D:2:      layout_basic, ebering_ecumenical_altar_sacrificial
D:3:      kennysheep_slugbush, layout_basic, ebering_ghost_gozag, uniq_terence

Skill      XL: |  1  2  3 |
---------------+----------+-----
Unarmed Combat | 4 |  4.0
Poison Magic   | 2 |  2.0
Stealth        | 1 |  1.9
Fighting       | |  1.0
Dodging        | |  2.0
Spellcasting   | |  2.0
Transmutations | |  2.0

Action                   || total
-------------------------++-------
Melee: Whip              ||    35
       Unarmed           ||     6
       Constrict         ||    11
       Tentacles         ||     6
       Punch             ||     2
 Fire: Hunting sling     ||    73
 Cast: Beastly Appendage ||     2
Armor: Skin              ||     2
Dodge: Dodged            ||    28

Table legend: (Time is in decaauts)
 A = Elapsed time spent in this place.
 B = Non-inter-level travel time spent in this place.
 C = Inter-level travel time spent in this place.
 D = Time resting spent in this place.
 E = Time spent auto-exploring this place.
 F = Levels seen in this place.
 G = Mean time per level.
                   A        B        C        D        E       F      G
               +--------+--------+--------+--------+--------+-----+--------+
         Total |   1730 |   1639 |     91 |    131 |   1030 |   3 |  576.7 |
       Dungeon |   1730 |   1639 |     91 |    131 |   1030 |   3 |  576.7 |
               +--------+--------+--------+--------+--------+-----+--------+

Top non-repeatable levels by time:
     D:1: 982 daAuts
     D:2: 720 daAuts
     D:3: 26 daAuts
